 Dungeon Crawl Stone Soup version 0.29-a0-598-gd8304a5bf4 (console) character file.

Game seed: 16095043550474877575

1199 om the Spear-Bearer (level 8, -2/90 HPs)
             Began as a Merfolk Berserker on June 15, 2022.
             Was a Priest of Trog.
             Slain by an iguana (11 damage)
             ... on level 6 of the Dungeon.
             The game lasted 00:07:35 (5713 turns).

om the Spear-Bearer (Merfolk Berserker)             Turns: 5713, Time: 00:07:35

Health: -2/90      AC: 10    Str: 17    XL:     8   Next: 44%
Magic:  8/8        EV: 11    Int:  7    God:    Trog [***...]
Gold:   234        SH:  0    Dex: 15    Spells: 7/7 levels left

rFire   . . .      SeeInvis .   j - +0 spear (venom)
rCold   . . .      Faith    .   (no shield)
rNeg    . . .      Spirit   .   c - +2 scale mail {rPois}
rPois   +          Reflect  .   (no helmet)
rElec   .          Harm     .   s - +0 cloak
rCorr   .          Rampage  .   (no gloves)
Will    .....                   (no boots)
Stlth   ..........              (no amulet)
HPRegen 0.25/turn               (no ring)
MPRegen 0.11/turn               (no ring)

@: berserking (expiring), very quick
A: (nimble swimmer 2), mertail
a: Renounce Religion, Berserk, Trog's Hand


You were on level 6 of the Dungeon.
You worshipped Trog.
Trog was most pleased with you.
You visited 2 branches of the dungeon, and saw 7 of its levels.

You collected 234 gold pieces.

Inventory:

Hand Weapons
 j - a +0 spear of venom (weapon)
Armour
 c - a +2 scale mail of poison resistance (worn)
 s - a +0 cloak (worn)
 w - a +1 robe of resistance
Wands
 q - a wand of iceblast (7)
Scrolls
 a - a scroll of silence
 b - 2 scrolls of magic mapping
 g - a scroll of amnesia
 i - 2 scrolls of vulnerability
 l - a scroll of blinking
 n - 2 scrolls of teleportation {unknown}
 o - 2 scrolls of enchant weapon {unknown}
 p - a scroll of poison {unknown}
 r - a scroll of torment {unknown}
 v - a scroll of fear {unknown}
Potions
 d - 2 potions of might
 e - 2 potions of haste
 h - a potion of brilliance
 k - a potion of ambrosia
 m - a potion of cancellation
 u - a potion of flight


   Skills:
 - Level 4.0 Fighting
 * Level 9.4 Polearms
 - Level 5.0 Armour
 - Level 5.0 Dodging


You had 7 spell levels left.
You didn't know any spells.
Your spell library was empty.

Dungeon Overview and Level Annotations

Branches:
Dungeon (6/15)             Temple (1/1) D:6

Altars:
Elyvilon
Yredelemnul

Shops:
D:5 (


Innate Abilities, Weirdness & Mutations

((You are very nimble when in or above water. (Stealth+, EV+, Speed+++)))
Your lower body shifts to a powerful aquatic tail in water.


Message History

The phantom is heavily damaged.
You barely miss the phantom.
The phantom is heavily damaged.
You barely miss the phantom.
The phantom is heavily damaged.
The phantom closely misses you. The iguana barely misses you.
You closely miss the phantom.
The phantom is heavily damaged.
You miss the phantom.
The phantom is heavily damaged.
The phantom barely misses you. The iguana bites you!
* * * LOW HITPOINT WARNING * * *
You closely miss the phantom.
The phantom is heavily damaged.
You barely miss the phantom.
The phantom is heavily damaged.
The phantom hits you but does no damage.
The iguana bites you but does no damage.
You miss the phantom.
The phantom is heavily damaged.
You completely miss the phantom.
The phantom is heavily damaged.
The phantom hits you but does no damage.
The iguana closely misses you.
You closely miss the phantom.
The phantom is heavily damaged.
You barely miss the phantom.
The phantom is heavily damaged.
You puncture the phantom!
The phantom is severely damaged.
The phantom hits you.
* * * LOW HITPOINT WARNING * * *
The iguana closely misses you.
You hit the phantom.
The phantom is almost destroyed.
You puncture the phantom!
You destroy the phantom!
Trog accepts your kill. The iguana bites you!
You die...

..######### #.####.# #........#
#.#. ..# #..# #.# #........#
....###.# #..# #.# #........#
...!....# #..###.#####........#
..#.....#####...##..............#
.#........##.#.##...####.......#
...........)..#....#.## #.......#
......................# #.......#
...###.###...##...#...# #.......#
.<. #.# #..#..#.#....# #......##
.## #.# #..#...@#..#.# #......#
##..#.).l##..# #......#
#.....>.....# ########
#..##.†..#..# #.#..#....#.#
#....#.#..#.# #...#...##..#
#...........########
#.....####.......... #.....#
##......... #.....# #h........


You could see an iguana.

Vanquished Creatures
  Sigmund (D:5)
  Edmund (D:5)
  A sky beast (D:5)
  A phantom (D:6)
  2 scorpions
  3 wights
  A howler monkey (D:6)
  A jelly (D:6)
  An orc priest (D:4)
  A hound (D:5)
  3 orc wizards
  Terence (D:2)
  5 iguanas
  7 adders
  3 gnolls (D:6)
  2 shadow imps
  3 white imps
  An ufetubus (D:6)
  2 worms (D:3)
  4 dart slugs
  8 orcs
  4 endoplasms
  6 goblins
  4 hobgoblins
  2 jackals (D:2)
  3 quokkas
  9 ball pythons
  4 bats
  3 frilled lizards
  4 kobolds
  3 rats
  A spectral orc (D:4)
95 creatures vanquished.

Notes
Turn   | Place    | Note
-------+----------+-------------------------------------------
     0 | D:1      | om the Merfolk Berserker began the quest for the Orb.
     0 | D:1      | Reached XP level 1. HP: 18/18 MP: 1/1
   148 | D:1      | Found a faded altar of an unknown god.
   216 | D:1      | Reached XP level 2. HP: 24/24 MP: 2/2
   823 | D:2      | Reached XP level 3. HP: 25/29 MP: 3/3
  1013 | D:2      | Reached ** piety under Trog
  1239 | D:2      | Noticed Terence
  1248 | D:2      | Killed Terence
  1249 | D:2      | Reached skill level 5 in Polearms
  1249 | D:2      | Reached XP level 4. HP: 30/37 MP: 4/4
  1751 | D:3      | Found a faded altar of an unknown god.
  2579 | D:4      | Reached XP level 5. HP: 18/42 MP: 5/5
  2582 | D:3      | Found a white marble altar of Elyvilon.
  3187 | D:4      | Found a basalt altar of Yredelemnul.
  3325 | D:4      | Reached skill level 6 in Polearms
  3588 | D:5      | Entered Level 5 of the Dungeon
  3600 | D:5      | Reached XP level 6. HP: 48/48 MP: 6/6
  3689 | D:5      | Reached *** piety under Trog
  3830 | D:5      | Found Nuehaon's Antique Weapon Boutique.
  4076 | D:5      | Noticed a sky beast
  4088 | D:5      | Killed a sky beast
  4089 | D:5      | Reached skill level 7 in Polearms
  4089 | D:5      | Reached XP level 7. HP: 38/54 MP: 7/7
  4658 | D:5      | Noticed Sigmund
  4671 | D:5      | Killed Sigmund
  4672 | D:5      | Reached skill level 5 in Dodging
  4689 | D:5      | Noticed Edmund
  4702 | D:5      | Killed Edmund
  4703 | D:5      | Reached skill level 8 in Polearms
  4876 | D:5      | Reached XP level 8. HP: 26/55 MP: 8/8
  5184 | D:6      | Found a staircase to the Ecumenical Temple.
  5320 | Temple   | Entered the Ecumenical Temple
  5483 | D:6      | Reached skill level 9 in Polearms
  5691 | D:6      | Reached skill level 5 in Armour
  5713 | D:6      | Slain by an iguana

Illustrated notes

Levels and vault maps discovered:
D:1:      dpeg_arrival_more_subterranean_lakeside_camping, layout_rooms,
          nicolae_ecumenical_lake_church
D:2:      layout_basic, chequers_serial_rivers_micro_a, uniq_terence
D:3:      wad_lake_hut, layout_rooms, nicolae_overflow_ecumenical_swirl,
          nicolae_elevator_lobby_plus
D:4:      layout_loops_ring, yredelemnul_forgotten_temple_becter,
          chequers_serial_rivers_micro_a
D:5:      layout_loops_ring, serial_shops, nicolae_inconvenience_store,
          roderic_serpentine_path, sigmund_edmund_badplayer
D:6:      layout_basic, grunt_dithmenos_shadows, minmay_temple_entry_mini_moons,
          kennysheep_generic_room_4
Temple:   kb_corrupted_temple

Skill      XL: |  1  2  3  4  5  6  7  8 |
---------------+-------------------------+-----
Dodging        | 3 4 5 |  5.0
Armour         | 2 3 4 5 |  5.0
Polearms       | 5 6 7 8 9 |  9.4
Fighting       | 4 |  4.0

Action                   |  1- 3 |  4- 6 |  7- 9 || total
-------------------------+-------+-------+-------++-------
Melee: Spear             |    86 |   159 |   143 ||   388
       Tailslap          |       |     1 |       ||     1
       Punch             |       |     2 |     1 ||     3
Invok: Berserk           |     1 |     1 |     5 ||     7
       Trog's Hand       |       |       |     1 ||     1
  Use: Scroll            |     2 |     8 |     2 ||    12
       Potion            |       |     1 |     2 ||     3
 Stab: Sleeping          |     1 |       |       ||     1
Armor: Animal skin       |    12 |       |       ||    12
       Scale mail        |       |    40 |    49 ||    89
Dodge: Dodged            |    43 |    51 |    73 ||   167

Table legend: (Time is in decaauts)
 A = Elapsed time spent in this place.
 B = Non-inter-level travel time spent in this place.
 C = Inter-level travel time spent in this place.
 D = Time resting spent in this place.
 E = Time spent auto-exploring this place.
 F = Levels seen in this place.
 G = Mean time per level.
                   A        B        C        D        E       F      G
               +--------+--------+--------+--------+--------+-----+--------+
         Total |   5640 |   5457 |    183 |   1160 |   3464 |   7 |  805.7 |
       Dungeon |   5487 |   5304 |    183 |   1009 |   3464 |   6 |  914.5 |
        Temple |    152 |    152 |      0 |    151 |      0 |   1 |  152.0 |
               +--------+--------+--------+--------+--------+-----+--------+

Top non-repeatable levels by time:
     D:5: 1495 daAuts
     D:3: 945 daAuts
     D:4: 925 daAuts
     D:2: 872 daAuts
     D:1: 782 daAuts
     D:6: 467 daAuts
  Temple: 152 daAuts
